 Dungeon Crawl Stone Soup version 0.30-a0-883-g5ad918d77d (webtiles) character file.

Game seed: 8713572939035834500

1583063 juan097 the Acrobat (level 26, 164/164 HPs)
             Began as an Octopode Brigand on Mar 16, 2023.
             Was an Initiate of Gozag.
             Escaped with the Orb
             ... and 3 runes on Mar 17, 2023!
             The game lasted 04:40:23 (72729 turns).

juan097 the Acrobat (Octopode Brigand)             Turns: 72729, Time: 04:40:24

Health: 164/164    AC: 15    Str: 10    XL:     26   Next: 27%
Magic:  29/29      EV: 60    Int: 14    God:    Gozag
Gold:   9982       SH: 16    Dex: 47    Spells: 17/33 levels left

rFire   + + +      SeeInvis +    b - +9 hand crossbow (heavy)
rCold   + . .      Faith    .    X - +1 buckler "Nicral" {Contam rN++ Str-5 Dex+8}
rNeg    + + +      Spirit   .    R - +0 hat of the Mind {rElec rF+ SInv}
rPois   +          Reflect  +    e - amulet of the Aged Friars {Reflect rPois rN+ Str+3 Int+3 SH+5}
rElec   +          Rampage  .    k - ring of the Manifold Planets {rN+ Will+ rCorr AC+4}
rCorr   +                        v - ring of Noon {rC+ Will+ EV+5 Dex+2}
Will    +++++                    g - ring of Gumyps {Fire Will+ Slay+2}
Stlth   +++                      m - ring of willpower
HPRegen 0.47/turn                W - ring "Xikku" {rElec rF+ rC+ Str-3 Dex+8}
MPRegen 0.21/turn                p - ring "Nawet" {Will++ Dex+6}
                                 w - +4 ring of protection
                                 V - ring "Coniodgh" {rF+ rN+++ AC+4 Str+3 Int-3}

@: studying Summonings
A: almost no armour, amphibious, 8 rings, camouflage 1, gelatinous body 1,
(nimble swimmer 1), tentacles, tentacle spike 1, iridescent scales 1, frail 2,
strong-willed 1, screaming 1, inability to read after injury 1
0: Orb of Zot
}: 3/15 runes: serpentine, barnacled, slimy
a: Renounce Religion, Potion Petition, Call Merchant, Bribe Branch


You escaped.
You worshipped Gozag.
Gozag was greatly pleased with you.
You visited 11 branches of the dungeon, and saw 51 of its levels.
You also visited: Trove, Sewer, Bailey and Ice Cave.

You collected 27035 gold pieces.
You spent 5557 gold pieces at shops.
You paid 11496 gold pieces to Gozag.

Inventory:

Hand Weapons
 a - the +8 arc blade {discharge, rElec}
   (You found it on level 2 of the Depths)

   rElec:     It insulates you from electricity.
 b - a +9 heavy hand crossbow (weapon)
 j - the +10 rapier "Tatecoj" {flame, rC+ rN+}
   (You bought it in a shop on level 2 of the Orcish Mines)

   rC:        It protects you from cold.
   rN:        It protects you from negative energy.
Missiles
 T - 5 boomerangs of dispersal
 U - 8 throwing nets
Armour
 R - the +0 hat of the Mind (worn) {rElec rF+ SInv}
   (You found it in a treasure trove)

   rF:        It protects you from fire.
   rElec:     It insulates you from electricity.
   SInv:      It lets you see invisible.
 X - the +1 buckler "Nicral" (worn) {Contam rN++ Str-5 Dex+8}
   (You acquired it on level 1 of the Orcish Mines)

   Str:       It affects your strength (-5).
   Dex:       It affects your dexterity (+8).
   rN:        It greatly protects you from negative energy.
   Contam:    It causes magical contamination when unequipped.
Jewellery
 e - the amulet of the Aged Friars (around mantle) {Reflect rPois rN+ Str+3 Int+3 SH+5}
   (You found it on level 5 of the Pits of Slime)

   [amulet of reflection]

   It reflects blocked missile attacks.
   Str:       It affects your strength (+3).
   Int:       It affects your intelligence (+3).
   rPois:     It protects you from poison.
   rN:        It protects you from negative energy.
   SH:        It affects your SH (+5).
 g - the ring of Gumyps (on tentacle) {Fire Will+ Slay+2}
   (You bought it in a shop on level 2 of the Snake Pit)

   [ring of fire]

   It enhances your fire magic.
   Slay:      It affects your accuracy & damage with ranged weapons and melee
   (+2).
   rF:        It protects you from fire.
   rC:        It makes you vulnerable to cold.
   Will:      It increases your willpower.
 k - the ring of the Manifold Planets (left tentacle) {rN+ Will+ rCorr AC+4}
   (You found it on level 5 of the Pits of Slime)

   [ring of protection]

   AC:        It affects your AC (+4).
   rN:        It protects you from negative energy.
   rCorr:     It protects you from acid and corrosion.
   Will:      It increases your willpower.
 m - a ring of willpower (on tentacle)
 p - the ring "Nawet" (on tentacle) {Will++ Dex+6}
   (You found it on level 5 of the Pits of Slime)

   [ring of dexterity]

   Dex:       It affects your dexterity (+6).
   Will:      It greatly increases your willpower.
 v - the ring of Noon (right tentacle) {rC+ Will+ EV+5 Dex+2}
   (You bought it in a shop on level 2 of the Snake Pit)

   [ring of evasion]

   EV:        It affects your evasion (+5).
   Dex:       It affects your dexterity (+2).
   rC:        It protects you from cold.
   Will:      It increases your willpower.
 w - a +4 ring of protection (on tentacle)
 V - the ring "Coniodgh" (on tentacle) {rF+ rN+++ AC+4 Str+3 Int-3}
   (You acquired it on level 13 of the Dungeon)

   [ring of protection]

   AC:        It affects your AC (+4).
   Str:       It affects your strength (+3).
   Int:       It affects your intelligence (-3).
   rF:        It protects you from fire.
   rN:        It renders you almost immune to negative energy.
 W - the ring "Xikku" (on tentacle) {rElec rF+ rC+ Str-3 Dex+8}
   (You acquired it on level 2 of the Orcish Mines)

   [ring of protection from cold]

   Str:       It affects your strength (-3).
   Dex:       It affects your dexterity (+8).
   rF:        It protects you from fire.
   rC:        It protects you from cold.
   rElec:     It insulates you from electricity.
Wands
 y - a wand of charming (51)
 E - a wand of light (11)
 N - a wand of iceblast (18)
 S - a wand of digging (7)
Scrolls
 d - 2 scrolls of silence
 f - 23 scrolls of teleportation
 l - 8 scrolls of butterflies
 q - 10 scrolls of enchant armour
 s - 14 scrolls of enchant weapon
 B - 10 scrolls of fear
 F - 4 scrolls of magic mapping
 G - 11 scrolls of blinking
 O - 7 scrolls of fog
 Q - 6 scrolls of poison
Potions
 c - 11 potions of lignification
 i - 3 potions of might
 n - 5 potions of ambrosia
 o - 35 potions of curing
 r - 15 potions of attraction
 u - 4 potions of cancellation
 x - 4 potions of resistance
 z - 10 potions of haste
 A - 7 potions of flight
 D - 11 potions of heal wounds
 H - 4 potions of invisibility
 L - 3 potions of magic
 M - 2 potions of berserk rage
Miscellaneous
 h - a phantom mirror
 t - a condenser vane
 I - a tin of tremorstones (2/2)
 K - a lightning rod (4/4)
 P - a phial of floods


   Skills:
 - Level 23.0 Fighting
 - Level 14.0 Short Blades
 - Level 18.0 Ranged Weapons
 - Level 2.0 Throwing
 + Level 23.2 Dodging
 - Level 14.0 Stealth
 - Level 8.0 Shields
 - Level 4.0 Spellcasting
 - Level 10.0 Hexes
 - Level 12.0 Translocations
 - Level 14.0 Ice Magic
 - Level 14.0 Evocations


You had 17 spell levels left.
You knew the following spells:

 Your Spells              Type           Power      Damage    Failure   Level
a - Ozocubu's Armour      Ice            42%        N/A       1%          3
b - Frozen Ramparts       Ice            84%        1d13      1%          3
c - Portal Projectile     Hex/Tloc       66%        N/A       1%          3
d - Passage of Golubria   Tloc           36%        N/A       1%          4
e - Apportation           Tloc           72%        N/A       1%          1
f - Passwall              Tmut/Erth      1%         N/A       34%         2

Your spell library contained the following spells:

 Spells                   Type           Power      Damage    Failure   Level
 Freeze                   Ice            100%       1d10      1%          1
 Slow                     Hex            100%       N/A       1%          1
 Ensorcelled Hibernation  Hex/Ice        72%        N/A       1%          2
 Confusing Touch          Hex            30%        N/A       1%          3
 Gell's Gravitas          Tloc           36%        N/A       1%          3
 Teleport Other           Tloc           36%        N/A       1%          3
 Tukima's Dance           Hex            30%        N/A       1%          3
 Cause Fear               Hex            15%        N/A       3%          4
 Hailstorm                Conj/Ice       22%        3d7       4%          3
 Metabolic Englaciation   Hex/Ice        18%        N/A       4%          5
 Vhi's Electric Charge    Tloc/Air       38%        N/A       6%          3
 Dazzling Flash           Conj/Hex       32%        N/A       9%          3
 Inner Flame              Hex/Fire       25%        N/A       9%          3
 Ice Form                 Ice/Tmut       22%        N/A       13%         4
 Summon Ice Beast         Ice/Summ       22%        N/A       13%         4
 Kindle Blastsparks       Fire/Tloc/Air  42%        2d13      14%         3
 Beastly Appendage        Tmut           4%         N/A       24%         1
 Kiss of Death            Conj/Necr      8%         2d6       24%         1
 Magic Dart               Conj           8%         1d3       24%         1
 Necrotise                Necr           8%         1d4       24%         1
 Sandblast                Erth           4%         2d4       24%         1
 Sting                    Tmut/Pois      8%         1d3       24%         1
 Dispersal                Tloc           18%        N/A       26%         6
 Leda's Liquefaction      Hex/Erth       8%         N/A       30%         4
 Call Imp                 Summ           2%         N/A       34%         2
 Cigotuvi's Dreadful Rot  Necr/Pois/Air  4%         N/A       34%         2
 Poisonous Vapours        Pois/Air       4%         N/A       34%         2
 Scorch                   Fire           8%         2d5       34%         2
 Static Discharge         Conj/Air       4%         2-3/arc   34%         2
 Summon Forest            Summ/Tloc      9%         N/A       50%         5
 Ozocubu's Refrigeration  Ice            21%        4d12      54%         7
 Call Canine Familiar     Summ           2%         N/A       56%         3
 Ignite Poison            Fire/Tmut/Pois 4%         N/A       56%         3
 Mephitic Cloud           Conj/Pois/Air  2%         N/A       56%         3
 Stone Arrow              Conj/Erth      4%         3d7       56%         3
 Swiftness                Air            2%         N/A       56%         3
 Vampiric Draining        Necr           2%         2d6       56%         3
 Silence                  Hex/Air        8%         N/A       63%         5
 Summon Mana Viper        Hex/Summ       16%        N/A       63%         5
 Freezing Cloud           Conj/Ice/Air   7%         6-21      69%         5
 Airstrike                Air            1%         2d(1-17)  93%         4
 Dispel Undead            Necr           2%         3d7       93%         4
 Flame Wave               Conj/Fire      4%         2d5       93%         4
 Olgreb's Toxic Radiance  Pois           2%         N/A       93%         4
 Petrify                  Tmut/Erth      2%         N/A       93%         4
 Sticky Flame             Conj/Fire      4%         2d3       93%         4
 Summon Lightning Spire   Summ/Air       2%         N/A       93%         4
 Agony                    Necr           2%         N/A       100%        5
 Arcjolt                  Conj/Air       1%         1d11      100%        5
 Blade Hands              Tmut           1%         N/A       100%        5
 Borgnjor's Vile Clutch   Necr/Erth      1%         N/A       100%        5
 Iskenderun's Battlesphe  Conj           2%         2d6       100%        5
 Lightning Bolt           Conj/Air       1%         1d12      100%        5
 Conjure Ball Lightning   Conj/Air       1%         3x3d6     100%        6
 Eringya's Noxious Bog    Tmut/Pois      1%         N/A       100%        6
 Iron Shot                Conj/Erth      1%         9d1       100%        6
 Starburst                Conj/Fire      2%         6d3       100%        6
 Statue Form              Tmut/Erth      1%         N/A       100%        6
 Summon Cactus Giant      Summ           1%         N/A       100%        6
 Dragon Form              Tmut           1%         N/A       100%        7
 Haunt                    Necr/Summ      1%         N/A       100%        7
 Malign Gateway           Summ/Tloc      9%         N/A       100%        7
 Monstrous Menagerie      Summ           1%         N/A       100%        7
 Spellforged Servitor     Conj/Summ      1%         N/A       100%        7
 Storm Form               Tmut/Air       1%         N/A       100%        7
 Discord                  Hex            15%        N/A       100%        8
 Disjunction              Tloc           18%        N/A       100%        8
 Lehudib's Crystal Spear  Conj/Erth      1%         10d2      100%        8
 Maxwell's Capacitive Co  Air            1%         ∞         100%        8
 Summon Horrible Things   Summ           1%         N/A       100%        8
 Death's Door             Necr           1%         N/A       100%        9
 Dragon's Call            Summ           1%         N/A       100%        9
 Animate Dead             Necr           Unusable   N/A       N/A         4

Dungeon Overview and Level Annotations

Branches:
Dungeon (15/15)            Temple (1/1) D:5            Lair (4/5) D:11
 Shoals (4/4) Lair:3        Snake (4/4) Lair:2        Slime (5/5) Lair:4
    Orc (2/2) D:10            Elf (3/3) Orc:2        Vaults (4/5) D:13
  Crypt (0/3) Vaults:2     Depths (4/4) D:15            Zot (5/5) Depths:4
  Sewer (visited)          Bailey (visited)           IceCv (visited)

Altars:
Ashenzari
Cheibriados
Dithmenos
Elyvilon
Fedhas
Gozag
Hepliaklqana
Kikubaaqudgha
Makhleb
Nemelex Xobeh
Okawaru
Qazlal
Ru
Sif Muna
Trog
Uskayaw
Vehumet
Wu Jian
Xom
Yredelemnul
Zin
The Shining One
Jiyva

Shops:
D:1 (   D:6 (   D:9 [   D:10 [   D:12 =   D:14 *   Orc:1 =!??   Orc:2 [(?*
Elf:3 [   Lair:1 *   Shoals:3 (   Snake:2 ::=   Snake:4 [   Vaults:3 *

Portals:
Hell: Depths:1 Depths:2 Depths:3 Depths:4
Abyss: Depths:3 Depths:4
Pandemonium: Depths:2
Ziggurat: Depths:2

Annotations:
D:7 exclusion: shadow
Elf:2 3 runed translucent doors
Vaults:3 Mennas
Depths:2 3 runed translucent doors, cheesebisquit's ghost, veteran GrEE


Innate Abilities, Weirdness & Mutations

You cannot wear most types of armour.
You are amphibious.
You can wear up to eight rings at the same time.
Your skin changes colour to match your surroundings (Stealth+).
Your rubbery body absorbs attacks. (AC +1, EV +1)
((You are camouflaged when in or above water. (Stealth+)))
You have tentacles for arms and can constrict up to eight enemies at once.
One of your tentacles bears a spike.
You are partially covered in iridescent scales. (AC +2)
You are very frail. (-20% HP)
You are strong-willed. (Will+)
You occasionally shout uncontrollably at your foes.
You occasionally lose the ability to read scrolls when taking damage.


Message History

What level of the Dungeon? (default 1, ? - help)
Your extra speed is starting to run out.
A reaper comes into view. It is wielding a +5 scythe of flaming.
You shoot a bolt. The bolt hits the reaper!!!!
You kill the reaper!
You feel yourself slow down.
No target in view!
No target in view!
No target in view!
(D) Dungeon (T) Temple (L) Lair (A) Shoals (P) Snake Pit (M) Slime Pits (O) Orcish Mines (E) Elven Halls (V) Vaults (C) Crypt (U) Depths (H) Hell (Z) Zot
Where to? (Enter - D:1, ? - help)
There is a stone staircase leading up here.
You climb upwards.
There is a stone staircase leading down here.
There is a stone staircase leading up here.
You climb upwards.
There is a stone staircase leading down here.
There is a stone staircase leading up here.
You climb upwards.
There is a stone staircase leading down here.
You start to feel less resistant.
You feel a little less mighty now.
Your resistance to elements expires.
There is a stone staircase leading up here.
You climb upwards.
There is a stone staircase leading down here.
You see here a +0 club.
There is a stone staircase leading up, spattered with blood here.
You climb upwards.
There is a stone staircase leading down here.
Things that are here:
a +0 helmet; a +0 animal skin; a +2 spectral club HP restored.
There is an open door here.
You see here a +0 short sword.
There is a staircase leading out of the dungeon here.
You have escaped!

.....# #.........#.# #......
.....# #.........#.# #.#####
.....# ###.......### #####.# #
.....#########..### ###.....# #
.....##....####...###...###.# #
.....##....##.............#.# #
'######....##.............#.#####
...## #....#...###..)###.........
....# #....#...#@......#.........
....###....#...#.......#.........
......#....##.............#......
...##.#....##......#......#......
...##.#....##.............#......
...##'')...#...#.......#........#
...#...........#......>#........#
...#....###....###...###....#####
...#....# #.#.............#)##...


There were no monsters in sight!

Vanquished Creatures
  the Royal Jelly (Slime:5)
  An ancient lich (Zot:5)
  4 orbs of fire (Zot:5)
  2 pandemonium lords
  6 Killer Klowns
  Vv (Depths:4)
  Xtahua (Vaults:3)
  2 curse toes
  A profane servitor (Depths:4)
  7 golden dragons
  2 bone dragons (Depths:4)
  A Brimstone Fiend (D:8)
  2 electric golems (Zot:5)
  A walking crystal tome (Depths:3)
  An Ice Fiend (D:13)
  5 tentacled monstrosities
  A walking frostbound tome (Depths:3)
  5 liches
  Asterion (Vaults:3)
  21 Orb Guardians
  2 deep elf blademasters (Elf:3)
  11 acid blobs
  4 deep elf master archers
  A walking divine tome (Depths:3)
  2 quicksilver dragons (Zot:3)
  Frances (D:14)
  Polyphemus (Shoals:4)
  7 death cobs
  8 sphinxes
  10 storm dragons
  Agnes (D:15)
  An ancient champion (Vaults:2)
  6 shadow dragons
  9 fire giants
  5 tengu reavers
  Donald (Vaults:3)
  9 rockslimes
  11 azure jellies
  2 iron dragons (Depths:3)
  A demonspawn warmonger (D:10)
  8 nagarajas
  2 draconian monks
  2 draconian knights
  11 vault wardens
  6 frost giants
  2 ghost moths
  11 deep elf sorcerers
  A curse skull (Vaults:2)
  Aizul (Depths:1)
  Louise (D:15)
  3 draconian scorchers
  5 deep elf elementalists (Elf:3)
  2 draconian shifters
  17 ironbound preservers
  4 orc warlords
  4 draconian stormcallers
  4 draconian annihilators
  A reaper (D:6)
  4 ironbound thunderhulks
  14 very ugly things
  The ghost of mandoloar the Thaumaturge, a journeyman GnEE of Vehumet (D:11)
  2 war gargoyles
  6 stone giants
  19 quicksilver oozes
  5 vampire knights
  7 green draconians
  5 red draconians
  2 demonspawn black suns
  6 purple draconians
  3 lorocyprocas
  7 yellow draconians
  10 deep elf annihilators
  6 black draconians
  3 deep elf demonologists
  10 white draconians
  2 spark wasps (Depths:4)
  The ghost of patfeehan111222 the Severer, a journeyman MiBe of Trog (D:12)
  9 deep elf death magi
  The ghost of Hofrengagg the Convoker, a journeyman FeSu of Gozag (D:14)
  3 crystal guardians
  9 ettins
  6 merfolk javelineers
  3 fire dragons
  An entropy weaver (Vaults:1)
  7 merfolk impalers
  12 great orbs of eyes
  4 ice dragons
  10 deep elf high priests
  Erolcha (D:10)
  3 hell beasts
  2 rakshasas
  6 yaktaur captains
  11 hydras
  Fannar (D:10)
  Harold (Orc:1)
  10 vault guards
  4 salamander tyrants
  3 peacekeepers
  2 catoblepae
  5 merfolk aquamancers
  6 ironbound frosthearts
  2 spriggan air magi
  13 centaur warriors
  9 anacondas
  2 ogre magi
  A satyr (Shoals:4)
  7 two-headed ogres
  3 alligator snapping turtles (Shoals:4)
  A death knight (Vaults:2)
  3 merfolk avatars
  10 naga sharpshooters
  7 boulder beetles
  8 tengu warriors
  2 death yaks (Shoals:4)
  7 hell hogs
  8 deep troll shamans
  12 naga warriors
  A deep troll earth mage (Depths:4)
  15 dancing weapons
  A titan zombie (D:15)
  Sonja (D:11)
  7 hell knights (Depths:3)
  A vampire mage (Depths:3)
  3 sun demons
  2 orc high priests (Depths:3)
  4 spriggan berserkers
  20 deep elf knights
  Nergalle (Lair:3)
  2 soul eaters (D:6)
  7 shock serpents
  3 sixfirhies (Depths:2)
  2 skysharks
  4 skeletal warriors (D:15)
  6 iron trolls (Depths:1)
  11 sea snakes
  64 deep trolls
  3 flayed ghosts
  3 glowing orange brains
  6 salamander mystics
  Pikel (D:4)
  An obsidian statue (Zot:5)
  2 shadow demons (Depths:3)
  5 naga ritualists
  A kraken simulacrum (Shoals:4)
  16 deep elf archers
  2 golden dragon skeletons
  10 wizards
  3 phantasmal warriors
  22 deep elf zephyrmancers
  7 necromancers
  17 deep elf pyromancers
  11 ironbound convokers
  23 harpies
  5 lindwurms
  A fire giant zombie (D:15)
  A mana viper (shapeshifter) (D:14)
  8 mana vipers
  8 orc knights
  5 orc sorcerers
  9 fauns
  25 salamanders
  A shadow dragon skeleton (Vaults:4)
  30 ugly things
  6 shining eyes
  A frost giant zombie (Vaults:4)
  11 cyclopes
  15 manticores
  13 moths of wrath
  A moth of wrath (shapeshifter) (Vaults:1)
  2 rust devils (Depths:2)
  2 elephants (Lair:3)
  19 naga magi
  8 water nymphs
  A guardian serpent (Snake:1)
  3 ice statues (IceCv)
  A cane toad (shapeshifter) (Elf:2)
  43 black mambas
  14 vault sentinels
  3 gargoyles
  10 merfolk sirens
  Maurice (D:9)
  2 eyes of devastation
  A smoke demon (D:8)
  3 orange demons
  A spriggan zombie (D:15)
  A freezing wraith (IceCv)
  4 kobold demonologists
  3 rime drakes
  5 cane toads
  58 yaktaurs
  An efreet (D:15)
  A komodo dragon (shapeshifter) (D:14)
  6 tengu conjurers
  2 komodo dragons
  A guardian mummy (D:15)
  19 merfolk
  2 polar bears
  8 trolls
  A red devil (D:10)
  A tarantella (shapeshifter) (D:15)
  5 wind drakes
  3 large abominations (Elf:1)
  3 hellwings
  2 hornets (D:9)
  6 dream sheep
  8 snapping turtles
  5 blink frogs (Lair:3)
  90 slime creatures
  A culicivora (shapeshifter) (Depths:3)
  A stone giant simulacrum (Vaults:4)
  A dire elephant simulacrum (IceCv)
  3 air elementals
  A vampire (D:12)
  12 water elementals
  A ynoxinul (D:11)
  10 wyverns
  6 basilisks
  4 chaos spawn
  3 fire elementals
  A wraith (D:9)
  25 yaks
  A redback (Vaults:1)
  A redback (shapeshifter) (D:13)
  Menkaure (D:5)
  Edmund (D:4)
  A harpy simulacrum (IceCv)
  A death yak simulacrum (IceCv)
  7 vampire mosquitoes
  2 steam dragons
  5 acid dragons
  49 nagas
  A hydra simulacrum (IceCv)
  4 hell hounds (Elf:1)
  17 water moccasins
  A floating eye (Depths:3)
  An ice beast (D:6)
  43 orc warriors
  Pargi (Sewer)
  2 swamp drakes
  A black bear (D:8)
  7 wolves
  6 ogres
  2 boggarts (Depths:3)
  15 centaurs
  2 phantoms
  A lemure (D:4)
  4 elf zombies (Elf:1)
  5 kobold brigands
  14 bullfrogs
  6 earth elementals
  2 gnoll sergeants
  A scorpion (D:7)
  4 wights (D:10)
  9 killer bees
  An electric eel (Lair:3)
  A howler monkey (D:4)
  A human simulacrum (Vaults:4)
  A hound (D:5)
  2 jellies
  17 orc priests
  Terence (D:2)
  Crazy Yiuf (D:3)
  Jessica (D:2)
  Ijyb (D:5)
  An iguana (D:3)
  31 orc wizards
  Natasha (twice) (D:3)
  3 hell rats (Elf:1)
  A wolf simulacrum (IceCv)
  2 polar bear simulacra (IceCv)
  Robin (D:1)
  13 gnolls
  9 adders
  3 shadow imps (D:6)
  A worm (D:2)
  2 dart slugs
  106 orcs
  12 ball pythons
  9 bats
  4 endoplasms
  2 giant cockroaches
  20 goblins
  8 hobgoblins
  25 kobolds
  2 quokkas
  5 frilled lizards (D:1)
  3 rats
  2 tentacles (Shoals:4)
1930 creatures vanquished.

Vanquished Creatures (collateral kills)
  A curse toe (Zot:4)
  2 draconian monks (Zot:4)
  A purple draconian (Zot:4)
  A moth of wrath (Zot:5)
5 creatures vanquished.

Vanquished Creatures (others)
  2 ancient liches (Zot:5)
  3 orbs of fire (Zot:5)
  3 Killer Klowns (Zot:5)
  A golden dragon (Zot:5)
  3 tentacled monstrosities (Zot:5)
  8 Orb Guardians (Zot:5)
  5 storm dragons (Zot:5)
  A draconian knight (Zot:5)
  A draconian stormcaller (Zot:5)
  A draconian scorcher (Zot:5)
  An ironbound preserver (Vaults:2)
  2 black draconians
  3 green draconians
  A yellow draconian (Zot:4)
  3 white draconians
  2 deep elf knights
  2 deep trolls (Depths:2)
  2 wizards
  2 moths of wrath (Zot:5)
  A yak (D:11)
  An orc warrior (Orc:2)
  An orc wizard (D:6)
  18 fungi
  52 plants
  3 tentacles (Shoals:4)
122 creatures vanquished.

Grand Total: 2057 creatures vanquished

Notes
Turn   | Place    | Note
-------+----------+-------------------------------------------
     0 | D:1      | juan097 the Octopode Brigand began the quest for the Orb.
     0 | D:1      | Reached XP level 1. HP: 14/14 MP: 1/1
    54 | D:1      | Reached XP level 2. HP: 10/19 MP: 2/2
   617 | D:1      | Found Poppax's Antique Weapon Emporium.
   718 | D:2      | Noticed Robin
   723 | D:1      | Reached XP level 3. HP: 15/24 MP: 3/3
  1022 | D:1      | Killed Robin
  1023 | D:1      | Reached XP level 4. HP: 27/29 MP: 4/4
  1267 | D:2      | Identified the amulet "Fegidwo" {Spirit rElec rPois rF-
                  | Int+4}
  1327 | D:2      | Noticed Jessica
  1327 | D:2      | Noticed Terence
  1855 | D:3      | Noticed Natasha
  1863 | D:3      | Killed Natasha
  1902 | D:3      | Reached XP level 5. HP: 34/34 MP: 5/5
  1948 | D:3      | Found a hide-covered altar of Uskayaw.
  2027 | D:3      | Found a faded altar of an unknown god.
  2198 | D:3      | Noticed Natasha
  2460 | D:3      | Found a runed translucent door.
  2461 | D:3      | Noticed Crazy Yiuf
  2795 | D:4      | Found a shimmering altar of Xom.
  2934 | D:4      | Noticed Edmund
  3161 | D:4      | Noticed a lemure
  3308 | D:4      | Reached XP level 6. HP: 30/39 MP: 4/6
  3673 | D:4      | Found a sparkling altar of Nemelex Xobeh.
  3712 | D:4      | Found a stormy altar of Qazlal.
  3922 | D:5      | Entered Level 5 of the Dungeon
  3995 | D:5      | Reached skill level 5 in Short Blades
  4479 | D:1      | Bought a masterwork hand crossbow for 178 gold pieces
  4479 | D:1      | Identified the +4 hand crossbow of Utiestie {flame, Will+++
                  | Str+7} (You bought it in a shop on level 1 of the Dungeon)
  4586 | D:5      | Noticed Menkaure
  4590 | D:5      | Killed Menkaure
  4591 | D:5      | Reached skill level 1 in Ranged Weapons
  4591 | D:5      | Reached XP level 7. HP: 45/45 MP: 7/7
  4658 | D:5      | Found a sacrificial altar of Ru.
  4732 | D:5      | Found a staircase to the Ecumenical Temple.
  4768 | Temple   | Entered the Ecumenical Temple
  4919 | D:5      | Noticed Ijyb
  5835 | D:6      | Reached XP level 8. HP: 35/52 MP: 5/8
  5904 | D:6      | Found a shimmering blue altar of Sif Muna.
  6079 | D:6      | Found a glowing drain.
  6084 | Sewer    | Entered a sewer
  6111 | Sewer    | Noticed Pargi
  6131 | Sewer    | Killed Pargi
  6134 | Sewer    | Found the +4 skin of Zhor {*Englaciate rC+++ SInv}
  6624 | D:6      | Found Alarozak's Weapon Emporium.
  6841 | D:7      | Noticed a shadow
  6887 | D:7      | Reached skill level 5 in Ranged Weapons
  7251 | Temple   | Became a worshipper of Gozag Ym Sagoz the Greedy
  7408 | D:2      | Killed Jessica
  7409 | D:2      | Killed Terence
  7537 | D:3      | Killed Crazy Yiuf
  7707 | D:3      | Killed Natasha
  7818 | D:4      | Killed Edmund
  7825 | D:4      | Found a broken altar of Ashenzari.
  7886 | D:4      | Noticed Pikel
  7907 | D:4      | Killed Pikel
  7908 | D:4      | Reached XP level 9. HP: 42/60 MP: 9/9
  8168 | D:5      | Killed Ijyb
  8503 | D:7      | Reached skill level 5 in Fighting
  8503 | D:7      | Reached skill level 5 in Dodging
  8976 | D:8      | Found a glowing silver altar of Zin.
  9032 | D:8      | Identified the +7 flail "Taduiz" {heavy, rPois Str+3}
  9948 | D:8      | Reached XP level 10. HP: 54/68 MP: 10/10
 10321 | D:9      | Noticed a kobold demonologist
 10374 | D:9      | Noticed a two-headed ogre
 10386 | D:9      | Killed a two-headed ogre
 10400 | D:9      | Found Kofusiw's Armour Shop.
 10475 | D:9      | Found a hazy altar of Hepliaklqana.
 10496 | D:9      | Noticed a two-headed ogre
 10510 | D:9      | Killed a two-headed ogre
 10579 | D:9      | Found a flagged portal.
 10619 | Bailey   | Entered a bailey
 10698 | Bailey   | Noticed an orc warlord
 10780 | Bailey   | Found a runed translucent gate.
 10780 | Bailey   | Found a runed translucent gate.
 10780 | Bailey   | Found a runed translucent gate.
 10869 | Bailey   | Reached skill level 10 in Ranged Weapons
 11010 | Bailey   | Killed an orc warlord
 11196 | D:9      | Reached XP level 11. HP: 57/74 MP: 8/11
 11562 | D:9      | Noticed a red ugly thing
 11689 | D:9      | Noticed an orc sorcerer
 11716 | D:9      | Killed an orc sorcerer
 11915 | D:9      | Noticed a brown ugly thing
 11929 | D:9      | Noticed Maurice
 11936 | D:9      | Killed Maurice
 12035 | D:10     | Entered Level 10 of the Dungeon
 12205 | D:10     | Found an iron altar of Okawaru.
 12567 | D:10     | Found a basalt altar of Yredelemnul.
 12642 | D:10     | Found a snail-covered altar of Cheibriados.
 12678 | D:10     | Noticed Fannar
 12705 | D:9      | Noticed a boulder beetle
 12927 | D:10     | Noticed a two-headed ogre
 12939 | D:10     | Killed a two-headed ogre
 12940 | D:10     | Reached skill level 10 in Stealth
 13062 | D:9      | Noticed a red ugly thing
 13148 | D:9      | Killed a boulder beetle
 13395 | D:10     | Noticed Erolcha
 13410 | D:10     | Killed Erolcha
 13550 | D:10     | Killed Fannar
 13844 | D:10     | Found a staircase to the Orcish Mines.
 14071 | D:11     | Reached XP level 12. HP: 82/82 MP: 12/12
 14092 | D:11     | Found a runed translucent door.
 14092 | D:11     | Noticed mandoloar's ghost (journeyman GnEE)
 14568 | D:11     | Noticed Sonja
 14568 | D:11     | Noticed a boulder beetle
 14594 | D:11     | Killed a boulder beetle
 14595 | D:11     | Reached skill level 5 in Evocations
 14597 | D:11     | Killed Sonja
 15182 | D:11     | Found a staircase to the Lair.
 15339 | Lair:1   | Entered Level 1 of the Lair of Beasts
 15354 | Lair:1   | Bought a scroll labelled HULOLIZUBE for 21 gold pieces
 15354 | Lair:1   | Bought a smoky purple potion for 18 gold pieces
 15354 | Lair:1   | Bought a smoky purple potion for 18 gold pieces
 16653 | Lair:2   | Noticed a five-headed hydra
 16754 | Lair:2   | You fall into a shaft and drop 1 floor!
 17036 | Lair:2   | Found a frozen archway.
 17052 | IceCv    | Entered an ice cave
 17357 | IceCv    | Reached XP level 13. HP: 75/90 MP: 13/13
 17572 | Lair:2   | Learned a level 3 spell: Ozocubu's Armour
 17572 | Lair:2   | Reached skill level 10 in Fighting
 17572 | Lair:2   | Reached skill level 10 in Short Blades
 17572 | Lair:2   | Reached XP level 14. HP: 99/99 MP: 14/14
 17614 | Lair:2   | Found a staircase to the Snake Pit.
 17625 | Lair:2   | Reached skill level 5 in Ice Magic
 18939 | Lair:3   | Found a staircase to the Shoals.
 19388 | Lair:3   | Noticed Nergalle
 19401 | Lair:3   | Killed Nergalle
 20229 | Lair:4   | Learned a level 3 spell: Frozen Ramparts
 20709 | Lair:4   | Found a viscous altar of Jiyva.
 20710 | Lair:4   | Found a staircase to the Slime Pits.
 21302 | Orc:1    | Entered Level 1 of the Orcish Mines
 21356 | Orc:1    | Found Ywearoh's Magic Scroll Boutique.
 21421 | Orc:1    | Found Vuozeec's Magic Scroll Boutique.
 21427 | Orc:1    | Bought a scroll of teleportation for 33 gold pieces
 21473 | Orc:1    | Found Xurreip's Jewellery Boutique.
 21486 | Orc:1    | Found Xuigoimi's Distillery.
 21494 | Orc:1    | Noticed Harold
 21504 | Orc:1    | Killed Harold
 21711 | Orc:1    | Bought a potion of curing for 42 gold pieces
 21711 | Orc:1    | Bought a potion of flight for 42 gold pieces
 21837 | Orc:2    | Entered Level 2 of the Orcish Mines
 21858 | Orc:2    | Found a staircase to the Elven Halls.
 22637 | Orc:2    | Noticed an orc warlord
 23045 | Orc:2    | Reached skill level 10 in Dodging
 23325 | Orc:2    | Found Daing's Magic Scroll Shoppe.
 23325 | Orc:2    | Found Ruresm's Antique Weapon Shop.
 23325 | Orc:2    | Found Hiret's Armour Boutique.
 23528 | Orc:2    | Found Feenyrub's General Store.
 23992 | Orc:2    | Reached XP level 15. HP: 107/107 MP: 15/15
 24015 | Orc:2    | Killed an orc warlord
 24016 | Orc:2    | Reached skill level 15 in Ranged Weapons
 24162 | Orc:2    | Bought a potion of cancellation for 112 gold pieces
 24540 | Orc:2    | Bought a scroll of acquirement for 624 gold pieces
 24542 | Orc:2    | Acquired the ring "Xikku" {rElec rF+ rC+ Str-3 Dex+8}
 24587 | Orc:1    | Bought a scroll of acquirement for 572 gold pieces
 24588 | Orc:1    | Acquired the +1 buckler "Nicral" {Contam rN++ Str-5 Dex+8}
 24625 | Orc:1    | Bought a ring of resist corrosion for 320 gold pieces
 24630 | Orc:1    | Bought a ring of poison resistance for 320 gold pieces
 24814 | Orc:1    | Bought a potion of heal wounds for 70 gold pieces
 24814 | Orc:1    | Bought a potion of haste for 140 gold pieces
 25005 | Lair:1   | Bought a scroll of fear for 84 gold pieces
 25130 | Orc:2    | Bought an ichor-stained rapier for 342 gold pieces
 25130 | Orc:2    | Identified the +0 rapier "Rufreylu" {venom, rF+ Dex+3} (You
                  | bought it in a shop on level 2 of the Orcish Mines)
 25151 | Orc:2    | Bought an iridescent rapier for 342 gold pieces
 25151 | Orc:2    | Identified the +10 rapier "Tatecoj" {flame, rC+ rN+} (You
                  | bought it in a shop on level 2 of the Orcish Mines)
 25597 | D:12     | Found a portal to a secret trove of treasure.
 25619 | D:12     | Reached skill level 1 in Shields
 25625 | D:12     | Found a runed translucent door.
 25625 | D:12     | Noticed patfeehan111222's ghost (journeyman MiBe)
 27331 | D:13     | Found a gate to the Vaults.
 27473 | D:13     | Acquired the ring "Coniodgh" {rF+ rN+++ AC+4 Str+3 Int-3}
 27701 | D:14     | Noticed Frances
 27718 | D:14     | Killed Frances
 27771 | D:14     | Got Zonkitweu's Elucidation of the Spider and Stolen Souls
 27787 | D:14     | Reached skill level 5 in Shields
 28223 | D:14     | Found Loxau's Pet Rocks.
 28540 | D:14     | Found a runed translucent door.
 28545 | D:14     | Noticed Hofrengagg's ghost (journeyman FeSu)
 28554 | D:14     | Killed Hofrengagg's ghost
 28731 | D:15     | Entered Level 15 of the Dungeon
 28783 | D:15     | Noticed Agnes
 29090 | D:15     | Found a glowing silver altar of Zin.
 29090 | D:15     | Noticed an angel
 29120 | D:15     | Noticed Louise
 29220 | D:15     | Found a staircase to the Depths.
 30095 | D:15     | Killed Louise
 30204 | D:15     | Reached XP level 16. HP: 114/114 MP: 16/16
 30250 | D:15     | Killed Agnes
 30644 | Snake:1  | Entered Level 1 of the Snake Pit
 31811 | Snake:1  | Found an ornate altar of the Wu Jian Council.
 32265 | Snake:2  | Noticed a nagaraja
 32270 | Snake:2  | Killed a nagaraja
 32799 | Snake:2  | Found Notaet's Jewellery Shop.
 32799 | Snake:2  | Found Midwoh's Book Shoppe.
 32800 | Snake:2  | Found Lelo's Book Shoppe.
 33000 | Snake:2  | Reached skill level 10 in Ice Magic
 33802 | Snake:3  | Identified the +1 mace of Amorality {spect, rCorr Str+3}
 33811 | Snake:3  | Acquired a +6 heavy hand crossbow
 33957 | Snake:3  | Noticed a nagaraja
 33969 | Snake:3  | Killed a nagaraja
 34402 | Snake:3  | Reached XP level 17. HP: 99/119 MP: 13/17
 34698 | Snake:4  | Entered Level 4 of the Snake Pit
 34746 | Snake:4  | Found Edyaxte's Armour Shop.
 34756 | Snake:4  | Bought a +2 hat for 224 gold pieces
 35407 | Snake:4  | Found a runed translucent door.
 36570 | Snake:4  | Got a serpentine rune of Zot
 37045 | Snake:4  | Acquired 712 gold pieces
 37176 | Snake:2  | Bought the ring of Gumyps {Fire Will+ Slay+2} for 644 gold
                  | pieces
 37180 | Snake:2  | Bought the ring of Noon {rC+ Will+ EV+5 Dex+2} for 837 gold
                  | pieces
 37444 | Shoals:1 | Entered Level 1 of the Shoals
 38480 | Shoals:2 | Reached XP level 18. HP: 128/128 MP: 18/18
 39818 | Shoals:3 | Found Taivvi's Antique Weapon Shoppe.
 40172 | Shoals:4 | Entered Level 4 of the Shoals
 40198 | Shoals:4 | Noticed Polyphemus
 40515 | Shoals:4 | Acquired 888 gold pieces
 40533 | Shoals:4 | Killed Polyphemus
 40762 | Shoals:4 | Identified the ring of the Cockatrice {rF+ rC+ rN+ MP-9
                  | Dex+2}
 40932 | Shoals:4 | Found the +18 shield of the Gong {Loud rN+ Will+ rCorr
                  | EV-5}
 41361 | Shoals:4 | Got a barnacled rune of Zot
 41968 | Shoals:4 | Got the Atlas of Exhalation
 42657 | Vaults:1 | Entered Level 1 of the Vaults
 42885 | Vaults:1 | Identified the +0 helmet of Ahewax {Int+2}
 42994 | Vaults:1 | Reached XP level 19. HP: 127/137 MP: 17/19
 43449 | Vaults:1 | Reached skill level 15 in Fighting
 43449 | Vaults:1 | Reached skill level 15 in Dodging
 45466 | Vaults:2 | Reached XP level 20. HP: 147/147 MP: 16/20
 46099 | Vaults:2 | Reached skill level 10 in Evocations
 46478 | Vaults:2 | Found a staircase to the Crypt.
 46948 | Vaults:3 | Found Gogigiq's General Store.
 46962 | Vaults:3 | Noticed Mennas
 47833 | Vaults:3 | Noticed Xtahua
 47847 | Vaults:3 | Killed Xtahua
 48169 | Vaults:3 | Noticed Donald
 48172 | Vaults:3 | Noticed Asterion
 48185 | Vaults:3 | Killed Donald
 48198 | Vaults:3 | Killed Asterion
 49229 | Vaults:4 | Reached XP level 21. HP: 155/155 MP: 21/21
 50338 | Elf:1    | Entered Level 1 of the Elven Halls
 50409 | Elf:1    | Paralysed by an air elemental for 1 turns
 50470 | Elf:1    | Found an ancient bone altar of Kikubaaqudgha.
 51113 | Elf:1    | Got the Directory of the Mortuary
 51184 | Elf:1    | Learned a level 3 spell: Portal Projectile
 51297 | Elf:1    | Reached skill level 1 in Hexes
 51311 | Elf:1    | Reached skill level 1 in Translocations
 51504 | Elf:2    | Reached skill level 1 in Spellcasting
 51775 | Elf:2    | Found a runed translucent gate.
 51777 | Elf:2    | Found a runed translucent gate.
 51777 | Elf:2    | Found a runed translucent gate.
 52349 | Elf:3    | Entered Level 3 of the Elven Halls
 52719 | Elf:3    | Reached XP level 22. HP: 164/164 MP: 25/25
 52744 | Elf:3    | Found Yclityhu's Antique Armour Emporium.
 53299 | Elf:3    | Reached skill level 5 in Translocations
 53301 | Elf:3    | Reached skill level 5 in Hexes
 53452 | Elf:3    | Identified the +9 quarterstaff "Impslayer" {protect, Will+}
 53556 | Elf:3    | Identified the +6 hand axe of Unbearable Defiance {drain,
                  | *Rage rPois Will++}
 54025 | Elf:3    | Identified the +8 war axe "Hijew" {holy, rPois rC++ Int-2}
 54166 | Elf:3    | Identified the +10 sling of the Loving Asp {drain, Dex+3}
 54171 | Elf:3    | Got the Compendium of Boreal Ashes
 54188 | Elf:3    | Identified the ring of Idin {rF+ Dex+2}
 54250 | Elf:3    | Identified the orb of Dybih {rCorr}
 54282 | Elf:3    | Identified the amulet "Efikk" {RegenMP rCorr Dex+3 SInv}
 54742 | Depths:1 | Entered Level 1 of the Depths
 55162 | Depths:1 | Found a gateway to Hell.
 55305 | Depths:1 | Found a sparkling altar of Nemelex Xobeh.
 55363 | Depths:1 | Noticed Aizul
 55369 | Depths:1 | Killed Aizul
 55586 | Depths:1 | You fall into a shaft and drop 1 floor!
 55599 | Depths:2 | Found a one-way gate leading to the halls of Pandemonium.
 56076 | Depths:2 | Found a runed translucent gate.
 56083 | Depths:2 | Found a runed translucent gate.
 56083 | Depths:2 | Found a runed translucent gate.
 56519 | Depths:1 | Reached XP level 23. HP: 116/176 MP: 29/29
 56751 | Depths:2 | Found a one-way gateway to a ziggurat.
 56751 | Depths:2 | Noticed an ancient lich
 56877 | Depths:2 | Found the +8 arc blade {discharge, rElec}
 57089 | Depths:2 | Noticed cheesebisquit's ghost (veteran GrEE)
 57390 | Depths:3 | Found a shimmering blue altar of Sif Muna.
 57495 | Depths:3 | Identified the amulet "Benneeri" {RegenMP rCorr Dex+2}
 57636 | Depths:3 | Got Sif Muna's Vellum of Generation
 57689 | Depths:3 | Learned a level 4 spell: Passage of Golubria
 57802 | Depths:3 | Noticed a golden dragon
 57804 | Depths:3 | Killed a golden dragon
 57993 | Depths:3 | Paralysed by a floating eye for 2 turns
 57996 | Depths:3 | Paralysed by a floating eye for 4 turns
 58570 | Depths:3 | Found a one-way gate to the infinite horrors of the Abyss.
 59471 | D:12     | You paid a toll of a +6 demon blade to enter a treasure
                  | trove
 59472 | Trove    | Entered a treasure trove
 59472 | Trove    | Found the +2 shield of Resistance {rF++ rC++ Will++}
 59503 | Trove    | Found the +3 hat of Pondering {ponderous, Will+ MP+10
                  | Int+5}
 59512 | Trove    | Identified the +1 hat of the Carved Grue {Int+3}
 59514 | Trove    | Identified the +0 hat of the Mind {rElec rF+ SInv}
 59628 | D:12     | Killed patfeehan111222's ghost
 59769 | D:11     | Killed mandoloar's ghost
 59780 | D:11     | Got the Octavo of the Caves
 59975 | Depths:4 | Entered Level 4 of the Depths
 60291 | Depths:4 | Noticed Vv
 60306 | Depths:4 | Killed Vv
 60385 | Depths:4 | Reached skill level 10 in Hexes
 60385 | Depths:4 | Reached skill level 10 in Translocations
 60640 | Depths:4 | Found a gate to the Realm of Zot.
 61336 | Depths:4 | Identified the +6 flail "Qarrorak" {flame, Int+2}
 61730 | Slime:1  | Entered Level 1 of the Pits of Slime
 61815 | Slime:1  | Gained mutation: You are clumsy. (Dex -2) [a shining eye]
 61843 | Slime:1  | Reached XP level 24. HP: 181/183 MP: 29/29
 63490 | Orc:2    | Bought An Introduction to Spellcasting for 168 gold pieces
 63490 | Orc:2    | Bought a potion of haste for 140 gold pieces
 63493 | Orc:2    | Bought a glowing scimitar for 266 gold pieces
 63798 | Slime:1  | Learned a level 1 spell: Apportation
 64266 | Slime:4  | Gained mutation: You are frail. (-10% HP) [a shining eye]
 65033 | Slime:5  | Entered Level 5 of the Pits of Slime
 65116 | Slime:5  | Noticed the Royal Jelly
 65328 | Slime:5  | Found a viscous altar of Jiyva.
 65607 | Slime:5  | Gained mutation: You are very frail. (-20% HP) [a shining
                  | eye]
 65741 | Slime:5  | Killed the Royal Jelly
 66150 | Slime:5  | Got a slimy rune of Zot
 66151 | Slime:5  | Identified the ring of the Manifold Planets {rN+ Will+
                  | rCorr AC+4}
 66184 | Slime:5  | Identified the amulet of the Aged Friars {Reflect rPois rN+
                  | Str+3 Int+3 SH+5}
 66186 | Slime:5  | Identified the ring "Nawet" {Will++ Dex+6}
 66202 | Slime:5  | Identified the +2 robe of Powerful Contentment {rPois MP+9
                  | Str+9 Dex-5}
 66210 | Slime:5  | Lost mutation: You are very frail. (-20% HP) [potion of
                  | mutation]
 66210 | Slime:5  | Lost mutation: You are clumsy. (Dex -2) [potion of
                  | mutation]
 66210 | Slime:5  | Gained mutation: One of your tentacles bears a spike.
                  | [potion of mutation]
 66210 | Slime:5  | Gained mutation: You are partially covered in iridescent
                  | scales. (AC +2) [potion of mutation]
 66210 | Slime:5  | Gained mutation: You are strong-willed. (Will+) [potion of
                  | mutation]
 66218 | Slime:5  | Identified the +5 scimitar of Anguish {freeze, Stlth+}
 66227 | Slime:5  | Identified the +3 rapier of Pomu {elec, *Corrode rC++
                  | Str+3}
 66281 | Slime:5  | Identified the +2 chain mail of Nusauwaq {rF- rC+ Dex+7}
 67229 | Depths:4 | Learned a level 2 spell: Passwall
 67425 | Zot:1    | Entered Level 1 of the Realm of Zot
 68192 | Zot:2    | Noticed a Killer Klown
 68199 | Zot:2    | Killed a Killer Klown
 69027 | Zot:3    | Noticed a Killer Klown
 69284 | Zot:3    | Noticed a Killer Klown
 69290 | Zot:3    | Killed a Killer Klown
 69292 | Zot:3    | Killed a Killer Klown
 69293 | Zot:3    | Reached XP level 25. HP: 152/171 MP: 27/29
 70570 | Zot:5    | Entered Level 5 of the Realm of Zot
 70587 | Zot:5    | Noticed an orb of fire
 70690 | Zot:5    | Noticed an orb of fire
 70873 | Zot:5    | Noticed an orb of fire
 70943 | Zot:5    | Noticed a Killer Klown
 70945 | Zot:5    | Noticed an orb of fire
 70953 | Zot:5    | Killed a Killer Klown
 70971 | Zot:5    | Noticed an orb of fire
 70972 | Zot:5    | Noticed an ancient lich
 70972 | Zot:5    | Noticed an orb of fire
 70972 | Zot:5    | Noticed an orb of fire
 70975 | Zot:5    | Killed an orb of fire
 70980 | Zot:5    | Killed an ancient lich
 70980 | Zot:5    | Killed an ancient lich
 71225 | Zot:5    | Killed a Killer Klown
 71234 | Zot:5    | Noticed a Killer Klown
 71235 | Zot:5    | Gained mutation: You occasionally shout uncontrollably at
                  | your foes. [an orb of fire]
 71239 | Zot:5    | Killed an orb of fire
 71241 | Zot:5    | Killed an orb of fire
 71242 | Zot:5    | Killed a Killer Klown
 71252 | Zot:5    | Killed a Killer Klown
 71252 | Zot:5    | Gained mutation: You occasionally lose the ability to read
                  | scrolls when taking damage. [an orb of fire]
 71255 | Zot:5    | Gained mutation: You are very frail. (-20% HP) [an orb of
                  | fire]
 71258 | Zot:5    | Killed an orb of fire
 71260 | Zot:5    | Killed an orb of fire
 71263 | Zot:5    | Killed an orb of fire
 71303 | Zot:5    | Killed an orb of fire
 71312 | Zot:5    | Noticed a Killer Klown
 71312 | Zot:5    | Noticed an ancient lich
 71317 | Zot:5    | Killed an ancient lich
 71319 | Zot:5    | Killed a Killer Klown
 71418 | Zot:5    | Noticed a Killer Klown
 71421 | Zot:5    | Killed a Killer Klown
 72127 | Zot:5    | Got the Orb of Zot
 72182 | Zot:3    | Reached XP level 26. HP: 162/162 MP: 29/29
 72400 | D:13     | Noticed Haepeatt the pandemonium lord
 72413 | D:13     | Killed Haepeatt the pandemonium lord
 72502 | D:10     | Noticed Ruygats the pandemonium lord
 72513 | D:10     | Killed Ruygats the pandemonium lord
 72729 | D:$      | Escaped with the Orb!

Illustrated notes

Levels and vault maps discovered:
D:1:      minmay_arrival_open_corners, layout_basic, serial_shops,
          nicolae_shop_advertising_works [nicolae_subvault_shop_adworks]
D:2:      layout_loops_cross, uniq_jessica, uniq_robin, uniq_terence
D:3:      layout_loops_corners, mainiacjoe_overflow_boulevard,
          ebering_ecumenical_altar_sacrificial, uniq_crazy_yiuf_cottage,
          uniq_natasha
D:4:      layout_basic, lemuel_doored_altar, general_overflow_altar,
          mainiacjoe_overflow_swirl, kennysheep_generic_room_14, uniq_pikel,
          uniq_edmund
D:5:      layout_loops_ring, mainiacjoe_overflow_catwalk,
          minmay_temple_entry_statues_pillars, dk_vineyard_1, uniq_ijyb,
          uniq_menkaure
D:6:      layout_loops_corners, kennysheep_little_box, portal_sewer_entry_e,
          serial_shops, nicolae_lakefront_shop, minivault_24
D:7:      layout_loops_ring
D:8:      layout_gridville, mainiacjoe_overflow_alcove_2
D:9:      minmay_the_grid_3x2 [minmay_the_grid_plusring,
          minmay_the_grid_tri_star, minmay_the_grid_minigrid_small_alt,
          minmay_the_grid_stretched_grid, minmay_the_grid_outer_circle,
          minmay_the_grid_prize_big_room], layout_basic,
          mainiacjoe_overflow_24_doors, enter_bailey_2, serial_shops, shop,
          uniq_maurice
D:10:     layout_loops_corners, okawaru_metal_pillars_1_2, lemuel_crystal_altar,
          nicolae_overflow_crystal_walls, erik_orc_1, uniq_erolcha, uniq_fannar
D:11:     layout_small_grid, erik_lair_dragon, hellmonk_ghost_big_iron,
          uniq_sonja
D:12:     layout_loops_ring, hellmonk_ghost_happy_afterlife, enter_trove_1
D:13:     layout_basic, grunt_vaults_entry_fortified
D:14:     layout_basic, ebering_ghost_reflecting_pool, guppyfry_shop_earth,
          uniq_frances
D:15:     gammafunk_depths_entry_grave, layout_stronghold, zin_angel,
          serial_column_ruins, column_ruins_hut, column_ruins_hut_ruined,
          column_ruins_open_small, column_ruins_grid_3, column_ruins_grid_1,
          column_ruins_open_tiny, column_ruins_open_medium,
          column_ruins_columns_corner, uniq_louise, uniq_agnes
Temple:   zaba_magenta_temple
Lair:1:   layout_concentric_octagons, grunt_megastairs_4
Lair:2:   layout_loops_ring, minmay_snake_entry_six_corridors,
          portal_ice_cave_entry_pillars_2, lemuel_fruit_tree
Lair:3:   layout_regular_city, shoals_dummy_entry, wad_woods_river_01,
          uniq_nergalle
Lair:4:   layout_loops_ring, dpeg_slime_entry_enclosed,
          cheibrodos_lair_reptile_den
Shoals:1: layout_shoals
Shoals:2: layout_shoals, nicolae_shoals_nymph_descending_staircase
Shoals:3: layout_shoals, serial_shops, shop
Shoals:4: shoals_end_grunt_ice, layout_shoals, uniq_polyphemus
Snake:1:  layout_basic, basic_altar, grunt_megastairs_3, serial_bayou_shore_b
Snake:2:  layout_chambers, minmay_shop_grove
Snake:3:  layout_onion_interference, nicolae_integral_box
Snake:4:  minmay_snake_end_coiled, layout_cave_town, serial_shops, shop,
          st_stairs_4, lightli_airlock
Slime:1:  cheibrodos_slime_lost_civilization_2, layout_caves
Slime:2:  layout_caves
Slime:3:  layout_caves
Slime:4:  layout_caves
Slime:5
Orc:1:    layout_diamond_mine, serial_shops, shop, shop, shop,
          nicolae_shop_crystal, uniq_harold
Orc:2:    st_orc_rangers, layout_caves, basic_altar, lemuel_statue_altar,
          nicolae_orc_pool_cavern
Elf:1:    layout_loops_cross, special_room [special_room_mythical_zoo],
          basic_altar, minmay_elf_necromancy, serial_sigils_hangedman_scar
Elf:2:    nicolae_elf_blades_crystal_corner, layout_loops_corners,
          grunt_ministairs_15, drop_trap, nrook_mini_backslash
Elf:3:    minmay_elf_hall_hex, layout_onion_city, serial_shops, shop
Vaults:1: v_misc_17, nicolae_vaults_what_the_h, v_misc_15, st_cross,
          nicolae_vaults_stairing_the_circle, v_alt_pattern_3, v_pattern_1,
          nicolae_vaults_mini_display_case, nicolae_vaults_little_squares_4,
          vaults_room_stairs_pillars, nicolae_vaults_rhombus_7, v_misc_26,
          vaults_room_hallway, v_misc_31, layout_vaults_big_room
Vaults:2: minmay_crypt_entry_simple_corners, ontoclasm_vaults_tryst,
          nicolae_vaults_network_periphery, vaults_room_large_hall,
          grunt_vaults_trifunnel, dpeg_vaults_monster_row, v_misc_26,
          grunt_vaults_twisty, ontoclasm_vaults_hangar,
          vaults_mumra_minichess_inversion, nicolae_vaults_little_squares_4,
          ontoclasm_vaults_fault, vaults_dpeg_cross, layout_vaults_omnicross
Vaults:3: vaults_mumra_hexcomb, v_misc_28, ontoclasm_vaults_hangar,
          hangedman_vaults_maws, nicolae_vaults_little_squares_3,
          vaults_mumra_chevron, vaults_mumra_hex, nicolae_vaults_three_branches,
          hangedman_vaults_stretched_pinwheel, v_misc_22,
          nicolae_vaults_asterisk, ontoclasm_vaults_shout, v_misc_1,
          layout_vaults_maze, serial_shops, nicolae_shop_statue_plus,
          uniq_donald, uniq_xtahua, uniq_asterion, uniq_mennas
Vaults:4: nicolae_vaults_angled_halls, vaults_dpeg_diagonal,
          ontoclasm_vaults_misaligned, grunt_vaults_hallway_short,
          vaults_room_door_hall, v_misc_13, nicolae_vaults_alarming,
          nicolae_vaults_little_squares_3, vaults_dpeg_hooks,
          layout_vaults_omnigrid
Depths:1: layout_gridlike, nemelex_xobeh_ov_fountains_minmay, hell_entry,
          grunt_ministairs_3, minmay_misc_feat_encased, serial_bayou_pond_d,
          uniq_aizul
Depths:2: dreamdust_merry_men, layout_cave_pools, enter_ziggurat_c,
          ebering_ghost_rock_garden, grunt_pan_entry_zigzag,
          minmay_misc_feat_tiny, hell_entry
Depths:3: minmay_swirls_squares, layout_cave_pools, grunt_decor_fettered,
          hangedman_geh_valley, abyss_entry, hangedman_summoners_spam,
          uniq_parghit
Depths:4: grunt_twist_and_shout, layout_basic,
          nicolae_abyss_entry_one_way_or_another,
          chequers_serial_rivers_micro_a, hell_entry, uniq_vv
Zot:1:    layout_basic
Zot:2:    layout_gridlike, grunt_megastairs_1
Zot:3:    layout_misc_corridors
Zot:4:    layout_misc_corridors
Zot:5:    layout_cathedral_of_symmetry, lemuel_lake_of_fire

Skill      XL: |  1  2  3  4  5  6  7  8  9 10 11 12 13 14 15 16 17 18 19 20 21 22 23 24 25 26 |
---------------+-------------------------------------------------------------------------------+-----
Dodging        | 2 3 4 5 6 7 8 10 11 13 14 16 17 18 20 22 23 | 23.2
Short Blades   | 3 4 5 6 7 8 9 10 11 13 14 | 14.0
Ranged Weapons | 1 3 6 7 10 12 13 14 15 16 18 | 18.0
Stealth        | 6 7 8 10 12 14 | 14.0
Fighting       | 3 4 5 6 8 9 10 11 12 13 14 16 17 19 20 22 23 | 23.0
Evocations     | 2 4 6 8 9 12 13 14 | 14.0
Ice Magic      | 4 6 7 10 14 | 14.0
Shields        | 6 8 |  8.0
Hexes          | 3 6 10 | 10.0
Translocations | 3 6 12 | 12.0
Spellcasting   | 2 4 |  4.0
Throwing       | |  2.0

Action                     |  1- 3 |  4- 6 |  7- 9 | 10-12 | 13-15 | 16-18 | 19-21 | 22-24 | 25-27 || total
---------------------------+-------+-------+-------+-------+-------+-------+-------+-------+-------++-------
  Melee: Dagger            |    68 |   151 |   159 |   299 |    57 |       |       |       |       ||   734
         Constrict         |    15 |    34 |    17 |    39 |    18 |    35 |    49 |    31 |     1 ||   239
         Tentacles         |    10 |    29 |    38 |   117 |    57 |    71 |   194 |   149 |     7 ||   672
         Punch             |       |     1 |     3 |    11 |     4 |     8 |    17 |     9 |     1 ||    54
         Rapier            |       |       |       |       |   100 |   258 |   511 |   389 |    29 ||  1287
         Kick              |       |       |       |       |       |       |       |     8 |    14 ||    22
   Fire: Hand crossbow     |       |     4 |   105 |   358 |   623 |   622 |   539 |   829 |   327 ||  3407
  Throw: Dart              |     8 |     1 |    10 |    36 |    13 |     3 |       |       |       ||    71
         Boomerang         |       |       |       |       |     1 |       |       |       |       ||     1
   Cast: Ozocubu's Armour  |       |       |       |       |    34 |    22 |    36 |    17 |       ||   109
         Frozen Ramparts   |       |       |       |       |    30 |    60 |    57 |    41 |     5 ||   193
         Portal Projectile |       |       |       |       |       |       |       |     5 |       ||     5
         Apportation       |       |       |       |       |       |       |       |    10 |       ||    10
         Passage of Golubr |       |       |       |       |       |       |       |     2 |       ||     2
         Passwall          |       |       |       |       |       |       |       |     1 |       ||     1
 Invoke: Call Merchant     |       |       |       |     2 |       |       |       |     1 |       ||     3
         Potion Petition   |       |       |       |       |       |     4 |     1 |     3 |     5 ||    13
         Bribe Branch      |       |       |       |       |       |       |       |       |     1 ||     1
  Evoke: Wand              |       |       |     1 |     5 |     2 |     8 |     2 |     2 |     1 ||    21
         Lightning rod     |       |       |       |     6 |       |     1 |     4 |     2 |       ||    13
         Condenser vane    |       |       |       |     1 |     2 |     1 |     4 |     2 |     2 ||    12
         Phial of floods   |       |       |       |     1 |     3 |       |     1 |     2 |       ||     7
         Phantom mirror    |       |       |       |       |       |       |     1 |       |       ||     1
         Tin of tremorston |       |       |       |       |       |       |       |     2 |       ||     2
    Use: Scroll            |       |       |     9 |     8 |     9 |    10 |     1 |     6 |     2 ||    45
         Potion            |       |       |       |     3 |     3 |     2 |       |     2 |     6 ||    16
   Stab: Sleeping          |     9 |     9 |     6 |     2 |    17 |    18 |    30 |    19 |     2 ||   112
         Distracted        |       |       |       |     2 |     1 |     2 |     4 |     4 |       ||    13
 Armour: Skin              |     8 |     5 |     5 |     7 |    38 |    14 |    48 |    34 |    10 ||   169
  Dodge: Dodged            |    32 |    51 |    64 |   203 |   339 |   424 |   684 |   824 |   268 ||  2889
  Block: Buckler           |       |       |       |       |    59 |   186 |   291 |   325 |   145 ||  1006
         Reflection        |       |       |       |       |       |       |       |     6 |       ||     6

Table legend: (Time is in decaauts)
 A = Elapsed time spent in this place.
 B = Non-inter-level travel time spent in this place.
 C = Inter-level travel time spent in this place.
 D = Time resting spent in this place.
 E = Time spent auto-exploring this place.
 F = Levels seen in this place.
 G = Mean time per level.
                   A        B        C        D        E       F      G
               +--------+--------+--------+--------+--------+-----+--------+
         Total |  73056 |  64897 |   8159 |   1500 |  48508 |  55 | 1328.3 |
       Dungeon |  22231 |  18157 |   4074 |    277 |  13605 |  15 | 1482.1 |
        Temple |    112 |     60 |     52 |      0 |     50 |   1 |  112.0 |
          Lair |   5893 |   5078 |    815 |    178 |   3831 |   4 | 1473.2 |
        Shoals |   5048 |   4753 |    295 |     44 |   3841 |   4 | 1262.0 |
     Snake Pit |   6759 |   6348 |    411 |     69 |   4874 |   4 | 1689.8 |
    Slime Pits |   4401 |   3903 |    498 |    144 |   2828 |   5 |  880.2 |
  Orcish Mines |   3698 |   3231 |    467 |    328 |   2041 |   2 | 1849.0 |
   Elven Halls |   4319 |   4131 |    188 |      0 |   3038 |   3 | 1439.7 |
        Vaults |   7667 |   7251 |    416 |      0 |   5881 |   4 | 1916.8 |
        Depths |   6750 |   6040 |    710 |    343 |   4446 |   4 | 1687.5 |
           Zot |   4915 |   4686 |    229 |    117 |   3521 |   5 |  983.0 |
         Trove |     99 |     99 |      0 |      0 |     39 |   1 |   99.0 |
         Sewer |    180 |    180 |      0 |      0 |    112 |   1 |  180.0 |
        Bailey |    517 |    517 |      0 |      0 |    163 |   1 |  517.0 |
      Ice Cave |    459 |    459 |      0 |      0 |    237 |   1 |  459.0 |
               +--------+--------+--------+--------+--------+-----+--------+

Top non-repeatable levels by time:
 Snake:4: 2469 daAuts
   Orc:2: 2453 daAuts
Vaults:2: 2304 daAuts
    D:11: 2273 daAuts
Shoals:4: 2151 daAuts
   Elf:3: 2132 daAuts
    D:10: 2119 daAuts
Vaults:3: 2110 daAuts
    D:13: 1988 daAuts
Depths:4: 1950 daAuts
 Slime:1: 1891 daAuts
Depths:3: 1827 daAuts
Vaults:1: 1789 daAuts
     D:4: 1745 daAuts
 Snake:1: 1716 daAuts
